Nordiques vs Blues
(R1)
Created - 18 novembre 2013 at 19:09
Goals
|
| Nordiques |
1 |
1 |
0 |
2 |
| Blues |
1 |
2 |
1 |
4 |
|
Shots
|
| Nordiques |
11 |
16 |
7 |
34 |
| Blues |
14 |
8 |
13 |
35 |
|
1st period
1. Nordiques , Stephen Weiss 7 (Maxim Afinogenov, Ryan Whitney) at 12:52
2. Blues , David Perron 4 (Matthew Lombardi, Blake Wheeler) at 17:36
Penalties :
Andrew Cogliano (STL) for Roughing (Double Minor) at 19:47
2nd period
3. Nordiques , Mattias Weinhandl 4 (Kris Vernarsky, Matt Pettinger) at 4:03
4. Blues , Travis Zajac 4 (Dan Boyle, David Perron) at 6:24 (PP)
5. Blues , Steve Bernier 2 (Andrew Cogliano, Drew Fata) at 10:20
Penalties :
Saku Koivu (Que) for Holding (Minor) at 5:51, Matthew Lombardi (STL) for Roughing (Minor) at 16:51
3rd period
6. Blues , Nik Antropov 9 (Paul Kariya, Brian Lee) at 5:03 (PP)
Penalties :
Kris Vernarsky (Que) for Interference (Minor) at 0:45, Jordan Leopold (Que) for Holding (Minor) at 0:58, Saku Koivu (Que) for Hooking (Minor) at 4:00, Simon Gagné (Que) for Roughing (Minor) at 7:46, Chris Phillips (Que) for Holding (Minor) at 9:56, Simon Gagné (Que) for High sticking (Double Minor) at 15:03
Goalie Stats
Mike Smith (Que), 31 saves from 35 shots - (0,886), L, 6-4-0, 60:00 minutes
Tuukka Rask (STL), 32 saves from 34 shots - (0,941), W, 2-6-0, 60:00 minutes
Players Stats for Nordiques
Player Name G A P +/- PIM S H SB GA TA FO MP PP MP PK MP
------------------------------------------------------------------------------------
Adam Deadmarsh 0 0 0 0 0 1 0 0 0 0 0/0 13:48 2:38 0:00
Alexei Ponikarovsky 0 0 0 -2 0 0 0 1 0 0 0/0 10:00 0:34 1:38
Chris Phillips 0 0 0 2 2 1 1 1 0 0 0/0 22:34 3:28 2:24
Cory Sarich 0 0 0 -1 0 0 0 1 0 0 0/0 11:52 0:00 1:00
Éric Belanger 0 0 0 -2 0 1 0 2 0 0 2/7 12:02 0:34 3:24
Jonathan Cheechoo 0 0 0 -2 0 2 1 0 0 1 0/0 7:38 0:00 0:00
Jordan Leopold 0 0 0 -1 2 0 2 1 0 0 0/0 18:14 2:30 4:41
Kris Vernarsky 0 1 1 1 2 1 0 1 0 0 2/3 11:06 0:00 0:53
Lubomir Visnovsky 0 0 0 -1 0 2 1 0 0 1 0/0 21:49 2:30 4:39
Matt Pettinger 0 1 1 1 0 0 2 0 0 1 0/0 10:36 0:00 0:30
Mattias Weinhandl 1 0 1 1 0 2 2 0 0 0 0/0 10:40 0:34 0:00
Maxim Afinogenov 0 1 1 1 0 3 1 0 0 0 0/0 21:30 2:46 5:51
Mike Cammalleri 0 0 0 0 0 1 1 0 0 0 0/0 13:39 2:38 0:00
Mike Komisarek 0 0 0 -1 0 3 2 0 0 0 0/0 19:50 0:00 6:06
Ryan Whitney 0 1 1 2 0 4 0 1 1 0 0/0 25:48 3:28 4:39
Saku Koivu 0 0 0 0 4 3 2 0 0 0 10/15 18:51 2:38 5:02
Simon Gagné 0 0 0 1 6 3 0 0 0 1 0/1 16:40 2:46 0:33
Stephen Weiss 1 0 1 1 0 7 3 0 0 0 10/24 19:45 2:46 3:53
Players Stats for Blues
Player Name G A P +/- PIM S H SB GA TA FO MP PP MP PK MP
------------------------------------------------------------------------------------
Andrew Cogliano 0 1 1 0 4 2 1 0 0 0 0/0 9:33 0:34 0:49
Blake Wheeler 0 1 1 1 0 2 0 0 1 0 0/0 10:43 1:21 0:00
Brent Burns 0 0 0 -1 0 2 0 2 0 0 0/0 24:14 6:02 3:01
Brian Lee 0 1 1 -1 0 1 1 1 0 0 0/0 16:55 5:00 0:29
Dan Boyle 0 1 1 2 0 1 1 1 1 0 0/0 25:19 6:02 0:29
Darcy Hordichuk 0 0 0 1 0 1 2 0 0 0 0/0 10:42 1:14 1:52
David Perron 1 1 2 1 0 2 0 0 0 0 1/1 15:37 4:42 1:48
Drew Fata 0 1 1 1 0 0 1 0 0 0 0/0 20:24 0:43 3:01
Jamie Langenbrunner 0 0 0 0 0 1 1 1 0 0 0/0 17:08 4:42 1:14
Jarome Iginla 0 0 0 -1 0 2 1 0 0 1 1/3 19:29 5:52 0:00
Joe Corvo 0 0 0 0 0 0 2 1 1 0 0/0 19:09 5:00 2:28
Kristian Huselius 0 0 0 0 0 4 0 0 0 0 1/1 11:35 0:00 0:00
Matthew Lombardi 0 1 1 0 2 2 2 0 0 0 3/8 12:22 0:00 1:50
Nik Antropov 1 0 1 0 0 4 1 3 1 0 8/16 18:41 5:46 1:31
Paul Kariya 0 1 1 -2 0 5 1 1 0 0 1/2 22:33 5:52 2:52
Rostislav Klesla 0 0 0 -1 0 1 0 0 0 0 0/0 13:59 0:43 2:28
Steve Bernier 1 0 1 1 0 1 1 0 0 0 1/1 7:34 0:29 0:00
Travis Zajac 1 0 1 -1 0 4 2 1 0 0 10/18 18:03 4:43 0:00
3 Stars
1 - David Perron (STL)
2 - Stephen Weiss (Que)
3 - Mattias Weinhandl (Que)
Power Play
Nordiques - 0 on 3 Attempt(s) - 0,00%
Blues - 2 on 8 Attempt(s) - 25,00%
Penalty Kill
Nordiques - 6 on 8 Attempt(s) - 75,00%
- Score 0 goal in Penalty Kill
Blues - 3 on 3 Attempt(s) - 100,00%
- Score 0 goal in Penalty Kill
Official
Referees : Banfield David and Charron Francis
Linesman : Greg Devorski and Brian Mach
Game Notes
No Game Note
Finance
Level 1 -- Attendance: 5211 (86,85%) -- Ticket Income 442 935 $
Level 2 -- Attendance: 3664 (73,28%) -- Ticket Income 201 520 $
Level 3 -- Attendance: 1581 (79,05%) -- Ticket Income 52 173 $
Level 4 -- Attendance: 3711 (92,78%) -- Ticket Income 74 220 $
Luxury Box -- Attendance: 687 (68,70%) -- Ticket Income 119 538 $
Game was played at the Scotttrade center
Total Attendance: 14854 (82,52%)
Total Ticket Income: 890 386 $
Other Income: 133 558 $
Total Income: 1 023 944 $
Nordiques
5 vs 5 Forward
Center Left Wing Right Wing Time % Phy DF OF
1 Stephen Weiss Simon Gagné Maxim Afinogenov 40 0 2 3
2 Saku Koivu Mike Cammalleri Adam Deadmarsh 30 0 2 3
3 Kris Vernarsky Matt Pettinger Mattias Weinhandl 20 0 3 2
4 Éric Belanger Alexei Ponikarovsky Jonathan Cheechoo 10 1 2 2
5 vs 5 Defense
Defense Defense Time % Phy DF OF
1 Chris Phillips Ryan Whitney 40 1 2 2
2 Lubomir Visnovsky Mike Komisarek 30 1 2 2
3 Cory Sarich Jordan Leopold 20 1 2 2
4 Chris Phillips Ryan Whitney 10 1 2 2
PowerPlay Forward
Center Left Wing Right Wing Time % Phy DF OF
1 Stephen Weiss Simon Gagné Maxim Afinogenov 60 0 1 4
2 Saku Koivu Mike Cammalleri Adam Deadmarsh 40 0 1 4
PowerPlay Defense
Defense Defense Time % Phy DF OF
1 Chris Phillips Ryan Whitney 60 0 2 3
2 Lubomir Visnovsky Jordan Leopold 40 0 2 3
Penalty Kill 4 Players Forward
Center Wing Time % Phy DF OF
1 Saku Koivu Maxim Afinogenov 60 0 4 1
2 Éric Belanger Simon Gagné 40 0 4 1
Penalty Kill 4 Players Defense
Defense Defense Time % Phy DF OF
1 Jordan Leopold Mike Komisarek 60 0 4 1
2 Ryan Whitney Lubomir Visnovsky 40 0 4 1
Penalty Kill - 3 Players Forward
Forward Time % Phy DF OF
1 Saku Koivu 60 0 4 1
2 Maxim Afinogenov 40 0 4 1
Penalty Kill - 3 Players Defense
Defense Defense Time % Phy DF OF
1 Jordan Leopold Mike Komisarek 60 0 4 1
2 Lubomir Visnovsky Ryan Whitney 40 0 4 1
4 vs 4 Forward
Center Wing Time % Phy DF OF
1 Stephen Weiss Simon Gagné 60 0 2 3
2 Saku Koivu Maxim Afinogenov 40 0 2 3
4 vs 4 Defense
Defense Defense Time % Phy DF OF
1 Chris Phillips Ryan Whitney 60 0 3 2
2 Lubomir Visnovsky Jordan Leopold 40 0 3 2
Last Minutes Offensive
Center Left Wing Right Wing Defense Defense
Stephen Weiss Simon Gagné Maxim Afinogenov Chris Phillips Ryan Whitney
Last Minutes Defensive
Center Left Wing Right Wing Defense Defense
Saku Koivu Matt Pettinger Maxim Afinogenov Jordan Leopold Mike Komisarek
Goaltenders
Starting : Mike Smith
Backup : Jonathan Bernier
Extra Forwards
Normal : Saku Koivu, Stephen Weiss, Maxim Afinogenov - PP : Mike Cammalleri, Simon Gagné - PK : Stephen Weiss
Extra Defensemen
Normal : Lubomir Visnovsky, Jordan Leopold, Ryan Whitney - PP : Mike Komisarek - PK : Jordan Leopold, Mike Komisarek
Penalty Shots
Maxim Afinogenov, Simon Gagné, Mike Cammalleri, Ryan Whitney, Saku Koivu
Blues
5 vs 5 Forward
Center Left Wing Right Wing Time % Phy DF OF
1 Travis Zajac Paul Kariya Jarome Iginla 40 1 2 2
2 Nik Antropov Kristian Huselius Jamie Langenbrunner 30 1 2 2
3 Matthew Lombardi David Perron Blake Wheeler 20 1 2 2
4 Andrew Cogliano Darcy Hordichuk Steve Bernier 10 1 2 2
5 vs 5 Defense
Defense Defense Time % Phy DF OF
1 Dan Boyle Drew Fata 40 1 2 2
2 Joe Corvo Brent Burns 30 1 2 2
3 Brian Lee Rostislav Klesla 20 1 2 2
4 Dan Boyle Brent Burns 10 1 2 2
PowerPlay Forward
Center Left Wing Right Wing Time % Phy DF OF
1 Nik Antropov Paul Kariya Jarome Iginla 60 1 2 2
2 Travis Zajac David Perron Jamie Langenbrunner 40 1 2 2
PowerPlay Defense
Defense Defense Time % Phy DF OF
1 Dan Boyle Brent Burns 60 1 2 2
2 Brian Lee Joe Corvo 40 1 2 2
Penalty Kill 4 Players Forward
Center Wing Time % Phy DF OF
1 Matthew Lombardi Paul Kariya 60 1 2 2
2 Nik Antropov Jamie Langenbrunner 40 1 2 2
Penalty Kill 4 Players Defense
Defense Defense Time % Phy DF OF
1 Drew Fata Brent Burns 60 1 2 2
2 Rostislav Klesla Joe Corvo 40 1 2 2
Penalty Kill - 3 Players Forward
Forward Time % Phy DF OF
1 Nik Antropov 60 1 2 2
2 Matthew Lombardi 40 1 2 2
Penalty Kill - 3 Players Defense
Defense Defense Time % Phy DF OF
1 Drew Fata Dan Boyle 60 1 2 2
2 Joe Corvo Rostislav Klesla 40 1 2 2
4 vs 4 Forward
Center Wing Time % Phy DF OF
1 Travis Zajac Paul Kariya 60 1 2 2
2 Nik Antropov Jarome Iginla 40 1 2 2
4 vs 4 Defense
Defense Defense Time % Phy DF OF
1 Dan Boyle Drew Fata 60 1 2 2
2 Brent Burns Rostislav Klesla 40 1 2 2
Last Minutes Offensive
Center Left Wing Right Wing Defense Defense
Travis Zajac Paul Kariya Jarome Iginla Dan Boyle Brent Burns
Last Minutes Defensive
Center Left Wing Right Wing Defense Defense
Nik Antropov Paul Kariya Jamie Langenbrunner Rostislav Klesla Drew Fata
Goaltenders
Starting : Tuukka Rask
Backup : Tim Thomas
Extra Forwards
Normal : Steve Bernier, Blake Wheeler, Kristian Huselius - PP : Blake Wheeler, Darcy Hordichuk - PK : David Perron
Extra Defensemen
Normal : Brian Lee, Drew Fata, Brent Burns - PP : Rostislav Klesla - PK : Joe Corvo, Brian Lee
Penalty Shots
David Perron, Nik Antropov, Jarome Iginla, Paul Kariya, Travis Zajac
% Time on Ice - Nordiques
Lines # - Real PCT - Wanted PCT - Time Play
Normal Forward
1 - 32% - 40% - 13:25
2 - 26% - 30% - 11:08
3 - 24% - 20% - 10:06
4 - 18% - 10% - 7:38
Normal Defense
1 - 37% - 40% - 15:31
2 - 35% - 30% - 14:40
3 - 26% - 20% - 10:52
4 - 3% - 10% - 1:14
PP Forward
1 - 56% - 60% - 3:20
2 - 44% - 40% - 2:38
PP Defense
1 - 58% - 60% - 3:28
2 - 42% - 40% - 2:30
PK Forward
1 - 76% - 60% - 7:33
2 - 24% - 40% - 2:26
PK Defense
1 - 57% - 60% - 5:42
2 - 43% - 40% - 4:17
PK3 Forward
1 - 81% - 60% - 1:26
2 - 19% - 40% - 0:20
PK3 Defense
1 - 79% - 60% - 1:24
2 - 21% - 40% - 0:22
44 Forward
1 - 0% - 60%
2 - 0% - 40%
44 Defense
1 - 0% - 60%
2 - 0% - 40%
Last Minute Offensive - 0:00
Last Minute Defensive - 0:00
Total
Forward - 60:00
Defense - 60:00
|
% Time on Ice - Blues
Lines # - Real PCT - Wanted PCT - Time Play
Normal Forward
1 - 37% - 40% - 15:36
2 - 26% - 30% - 11:12
3 - 22% - 20% - 9:07
4 - 15% - 10% - 6:22
Normal Defense
1 - 41% - 40% - 17:24
2 - 28% - 30% - 11:48
3 - 25% - 20% - 10:41
4 - 6% - 10% - 2:24
PP Forward
1 - 59% - 60% - 6:53
2 - 41% - 40% - 4:52
PP Defense
1 - 51% - 60% - 6:02
2 - 49% - 40% - 5:43
PK Forward
1 - 79% - 60% - 4:44
2 - 21% - 40% - 1:14
PK Defense
1 - 59% - 60% - 3:30
2 - 41% - 40% - 2:28
PK3 Forward
1 - 0% - 60%
2 - 0% - 40%
PK3 Defense
1 - 0% - 60%
2 - 0% - 40%
44 Forward
1 - 0% - 60%
2 - 0% - 40%
44 Defense
1 - 0% - 60%
2 - 0% - 40%
Last Minute Offensive - 0:00
Last Minute Defensive - 0:00
Total
Forward - 60:00
Defense - 60:00
|
Play by Play
1st period
0:01 of 1st period - Stephen Weiss wins face-off versus Travis Zajac in neutral zone.
0:26 of 1st period - Ryan Whitney is hit by Nik Antropov and loses puck.
1:04 of 1st period - Lubomir Visnovsky is hit by Matthew Lombardi and loses puck.
1:34 of 1st period - Lubomir Visnovsky is hit by Travis Zajac and loses puck.
2:39 of 1st period - Brian Lee is hit by Jordan Leopold and loses puck.
2:56 of 1st period - Paul Kariya is hit by Stephen Weiss and loses puck.
3:03 of 1st period - Maxim Afinogenov is hit by Travis Zajac and loses puck.
4:06 of 1st period - Slapshot by Brent Burns.
4:06 of 1st period - Stopped by Mike Smith with a rebound.
4:28 of 1st period - Snap shot by Mike Cammalleri.
4:28 of 1st period - Shot Misses the Net.
4:36 of 1st period - Snap shot by Darcy Hordichuk.
4:36 of 1st period - Shot Misses the Net.
4:38 of 1st period - Slapshot by Darcy Hordichuk.
4:38 of 1st period - Stopped by Mike Smith without a rebound.
4:39 of 1st period - Stephen Weiss wins face-off versus Travis Zajac in Nordiques zone.
4:58 of 1st period - Mike Komisarek is hit by Dan Boyle and loses puck.
5:44 of 1st period - Snap shot by Simon Gagné.
5:44 of 1st period - Shot Misses the Net.
5:50 of 1st period - Slapshot by Simon Gagné.
5:50 of 1st period - Stopped by Tuukka Rask with a rebound.
6:14 of 1st period - Slapshot by Simon Gagné.
6:14 of 1st period - Shot Misses the Net.
6:18 of 1st period - Wrist shot by Maxim Afinogenov.
6:18 of 1st period - Shot Misses the Net.
6:20 of 1st period - Slapshot by Lubomir Visnovsky.
6:20 of 1st period - Stopped by Tuukka Rask with a rebound.
6:22 of 1st period - Slapshot by Mike Komisarek.
6:22 of 1st period - Stopped by Tuukka Rask with a rebound.
6:24 of 1st period - Slapshot by Stephen Weiss.
6:24 of 1st period - Stopped by Tuukka Rask with a rebound.
6:26 of 1st period - Wrist shot by Simon Gagné.
6:26 of 1st period - Stopped by Tuukka Rask without a rebound.
6:27 of 1st period - Saku Koivu wins face-off versus Nik Antropov in Blues zone.
6:28 of 1st period - Wrist shot by Mike Cammalleri.
6:28 of 1st period - Shot Misses the Net.
6:30 of 1st period - Snap shot by Chris Phillips.
6:30 of 1st period - Stopped by Tuukka Rask with a rebound.
6:32 of 1st period - Slapshot by Ryan Whitney.
6:32 of 1st period - Shot Blocked by Joe Corvo.
6:34 of 1st period - Slapshot by Ryan Whitney.
6:34 of 1st period - Deflect By Nik Antropov.
6:34 of 1st period - Stopped by Tuukka Rask with a rebound.
6:36 of 1st period - Snap shot by Saku Koivu.
6:36 of 1st period - Stopped by Tuukka Rask with a rebound.
6:38 of 1st period - Snap shot by Saku Koivu.
6:38 of 1st period - Shot Blocked by Brent Burns.
6:40 of 1st period - Wrist shot by Mike Cammalleri.
6:40 of 1st period - Shot Blocked by Nik Antropov.
6:42 of 1st period - Snap shot by Saku Koivu.
6:42 of 1st period - Shot Misses the Net.
8:02 of 1st period - Ryan Whitney is hit by Joe Corvo and loses puck.
8:13 of 1st period - Snap shot by Blake Wheeler.
8:13 of 1st period - Shot Blocked by Chris Phillips.
8:23 of 1st period - Steve Bernier is hit by Mike Cammalleri and loses puck.
8:54 of 1st period - Icing by Kris Vernarsky.
8:55 of 1st period - Kris Vernarsky wins face-off versus Matthew Lombardi in Nordiques zone.
9:16 of 1st period - Slapshot by Kristian Huselius.
9:16 of 1st period - Stopped by Mike Smith without a rebound.
9:17 of 1st period - Jarome Iginla wins face-off versus Éric Belanger in Nordiques zone.
10:34 of 1st period - Wrist shot by Jarome Iginla.
10:34 of 1st period - Stopped by Mike Smith without a rebound.
10:35 of 1st period - Nik Antropov wins face-off versus Stephen Weiss in Nordiques zone.
10:36 of 1st period - Snap shot by Kristian Huselius.
10:36 of 1st period - Stopped by Mike Smith with a rebound.
11:00 of 1st period - Kristian Huselius is hit by Matt Pettinger and loses puck.
12:12 of 1st period - Éric Belanger is hit by Brian Lee and loses puck.
12:27 of 1st period - Snap shot by Jarome Iginla.
12:27 of 1st period - Stopped by Mike Smith with a rebound.
12:29 of 1st period - Wrist shot by Paul Kariya.
12:29 of 1st period - Stopped by Mike Smith with a rebound.
12:31 of 1st period - Wrist shot by Jarome Iginla.
12:31 of 1st period - Shot Misses the Net.
12:42 of 1st period - Icing by Jarome Iginla.
12:43 of 1st period - Saku Koivu wins face-off versus Travis Zajac in Blues zone.
12:46 of 1st period - Snap shot by Mike Cammalleri.
12:46 of 1st period - Stopped by Tuukka Rask with a rebound.
12:48 of 1st period - Wrist shot by Ryan Whitney.
12:48 of 1st period - Shot Blocked by Travis Zajac.
12:50 of 1st period - Snap shot by Maxim Afinogenov.
12:50 of 1st period - Stopped by Tuukka Rask with a rebound.
12:52 of 1st period - Slapshot by Stephen Weiss.
12:52 of 1st period - Goal by Stephen Weiss - Nordiques : 1 - Blues : 0.
12:53 of 1st period - Stephen Weiss wins face-off versus Jarome Iginla in neutral zone.
12:58 of 1st period - Dan Boyle is hit by Chris Phillips and loses puck.
13:38 of 1st period - Matthew Lombardi is hit by Mattias Weinhandl and loses puck.
14:51 of 1st period - Snap shot by Jamie Langenbrunner.
14:51 of 1st period - Shot Blocked by Ryan Whitney.
14:53 of 1st period - Slapshot by Kristian Huselius.
14:53 of 1st period - Stopped by Mike Smith with a rebound.
15:27 of 1st period - Snap shot by Matthew Lombardi.
15:27 of 1st period - Stopped by Mike Smith with a rebound.
15:29 of 1st period - Snap shot by Matthew Lombardi.
15:29 of 1st period - Shot Misses the Net.
16:04 of 1st period - Off-side.
16:05 of 1st period - Kristian Huselius wins face-off versus Kris Vernarsky in neutral zone.
16:45 of 1st period - Snap shot by Travis Zajac.
16:45 of 1st period - Stopped by Mike Smith without a rebound.
16:46 of 1st period - Matthew Lombardi wins face-off versus Éric Belanger in Nordiques zone.
16:51 of 1st period - Snap shot by Matthew Lombardi.
16:51 of 1st period - Stopped by Mike Smith without a rebound.
16:52 of 1st period - Éric Belanger wins face-off versus Matthew Lombardi in Nordiques zone.
17:32 of 1st period - Wrist shot by Blake Wheeler.
17:32 of 1st period - Shot Blocked by Éric Belanger.
17:34 of 1st period - Wrist shot by Matthew Lombardi.
17:34 of 1st period - Shot Blocked by Alexei Ponikarovsky.
17:36 of 1st period - Wrist shot by David Perron.
17:36 of 1st period - Goal by David Perron - Nordiques : 1 - Blues : 1.
17:37 of 1st period - Travis Zajac wins face-off versus Stephen Weiss in neutral zone.
18:08 of 1st period - Snap shot by Andrew Cogliano.
18:08 of 1st period - Stopped by Mike Smith with a rebound.
18:29 of 1st period - Slapshot by Kristian Huselius.
18:29 of 1st period - Stopped by Mike Smith without a rebound.
18:30 of 1st period - Saku Koivu wins face-off versus Travis Zajac in Nordiques zone.
18:41 of 1st period - Slapshot by Saku Koivu.
18:41 of 1st period - Shot Misses the Net.
19:47 of 1st period - Double Minor Penalty to Andrew Cogliano for Roughing.
19:48 of 1st period - Matthew Lombardi wins face-off versus Stephen Weiss in Blues zone.
2nd period
0:01 of 2nd period - Stephen Weiss wins face-off versus Matthew Lombardi in neutral zone.
0:13 of 2nd period - Wrist shot by Maxim Afinogenov.
0:13 of 2nd period - Stopped by Tuukka Rask with a rebound.
0:29 of 2nd period - Wrist shot by Mike Cammalleri.
0:29 of 2nd period - Shot Misses the Net.
0:31 of 2nd period - Snap shot by Mike Cammalleri.
0:31 of 2nd period - Shot Misses the Net.
0:33 of 2nd period - Wrist shot by Adam Deadmarsh.
0:33 of 2nd period - Stopped by Tuukka Rask with a rebound.
3:02 of 2nd period - Darcy Hordichuk is hit by Lubomir Visnovsky and loses puck.
3:11 of 2nd period - Slapshot by Lubomir Visnovsky.
3:11 of 2nd period - Shot Misses the Net.
3:13 of 2nd period - Slapshot by Mattias Weinhandl.
3:13 of 2nd period - Stopped by Tuukka Rask without a rebound.
3:14 of 2nd period - Matthew Lombardi wins face-off versus Stephen Weiss in Blues zone.
3:47 of 2nd period - Penalty to Andrew Cogliano is over, Andrew Cogliano is back on ice.
4:01 of 2nd period - Wrist shot by Kris Vernarsky.
4:01 of 2nd period - Stopped by Tuukka Rask with a rebound.
4:03 of 2nd period - Wrist shot by Mattias Weinhandl.
4:03 of 2nd period - Goal by Mattias Weinhandl - Nordiques : 2 - Blues : 1.
4:04 of 2nd period - Stephen Weiss wins face-off versus Nik Antropov in neutral zone.
4:31 of 2nd period - Matt Pettinger is hit by Steve Bernier and loses puck.
4:51 of 2nd period - Wrist shot by Kris Vernarsky.
4:51 of 2nd period - Shot Misses the Net.
5:34 of 2nd period - Slapshot by Nik Antropov.
5:34 of 2nd period - Shot Misses the Net.
5:51 of 2nd period - Minor Penalty to Saku Koivu for Holding.
5:52 of 2nd period - Stephen Weiss wins face-off versus Nik Antropov in Nordiques zone.
6:17 of 2nd period - Jordan Leopold is hit by Jamie Langenbrunner and loses puck.
6:22 of 2nd period - Slapshot by Dan Boyle.
6:22 of 2nd period - Shot Misses the Net.
6:24 of 2nd period - Slapshot by Travis Zajac.
6:24 of 2nd period - Goal by Travis Zajac - Nordiques : 2 - Blues : 2.
6:25 of 2nd period - Saku Koivu wins face-off versus Travis Zajac in neutral zone.
6:32 of 2nd period - Wrist shot by Saku Koivu.
6:32 of 2nd period - Shot Misses the Net.
6:34 of 2nd period - Slapshot by Ryan Whitney.
6:34 of 2nd period - Stopped by Tuukka Rask without a rebound.
6:35 of 2nd period - Travis Zajac wins face-off versus Saku Koivu in Blues zone.
7:10 of 2nd period - Slapshot by Mike Cammalleri.
7:10 of 2nd period - Shot Blocked by Dan Boyle.
7:20 of 2nd period - Snap shot by Mike Cammalleri.
7:20 of 2nd period - Deflect By Saku Koivu.
7:20 of 2nd period - Stopped by Tuukka Rask without a rebound.
7:21 of 2nd period - Nik Antropov wins face-off versus Stephen Weiss in Blues zone.
7:21 of 2nd period - Nik Antropov is hit by Stephen Weiss.
7:27 of 2nd period - Wrist shot by Stephen Weiss.
7:27 of 2nd period - Stopped by Tuukka Rask with a rebound.
7:29 of 2nd period - Snap shot by Mike Komisarek.
7:29 of 2nd period - Stopped by Tuukka Rask with a rebound.
7:31 of 2nd period - Snap shot by Stephen Weiss.
7:31 of 2nd period - Shot Blocked by Brent Burns.
7:33 of 2nd period - Wrist shot by Stephen Weiss.
7:33 of 2nd period - Stopped by Tuukka Rask with a rebound.
8:00 of 2nd period - Matthew Lombardi is hit by Mike Komisarek and loses puck.
8:43 of 2nd period - Wrist shot by Maxim Afinogenov.
8:43 of 2nd period - Stopped by Tuukka Rask with a rebound.
8:45 of 2nd period - Slapshot by Ryan Whitney.
8:45 of 2nd period - Stopped by Tuukka Rask without a rebound.
8:46 of 2nd period - Saku Koivu wins face-off versus Travis Zajac in Blues zone.
9:21 of 2nd period - Slapshot by Dan Boyle.
9:21 of 2nd period - Shot Misses the Net.
9:23 of 2nd period - Wrist shot by David Perron.
9:23 of 2nd period - Stopped by Mike Smith without a rebound.
9:24 of 2nd period - Travis Zajac wins face-off versus Stephen Weiss in Nordiques zone.
10:20 of 2nd period - Wrist shot by Steve Bernier.
10:20 of 2nd period - Goal by Steve Bernier - Nordiques : 2 - Blues : 3.
10:21 of 2nd period - Stephen Weiss wins face-off versus Travis Zajac in neutral zone.
10:51 of 2nd period - Backhand shot by Mike Cammalleri.
10:51 of 2nd period - Shot Misses the Net.
10:53 of 2nd period - Snap shot by Adam Deadmarsh.
10:53 of 2nd period - Shot Blocked by Nik Antropov.
10:55 of 2nd period - Wrist shot by Saku Koivu.
10:55 of 2nd period - Shot Misses the Net.
11:05 of 2nd period - Dan Boyle is hit by Jonathan Cheechoo and loses puck.
11:16 of 2nd period - Snap shot by Nik Antropov.
11:16 of 2nd period - Stopped by Mike Smith with a rebound.
11:18 of 2nd period - Slapshot by Brent Burns.
11:18 of 2nd period - Stopped by Mike Smith with a rebound.
11:20 of 2nd period - Wrist shot by Nik Antropov.
11:20 of 2nd period - Stopped by Mike Smith with a rebound.
11:31 of 2nd period - Icing by Lubomir Visnovsky.
11:32 of 2nd period - Éric Belanger wins face-off versus Paul Kariya in Nordiques zone.
11:37 of 2nd period - Slapshot by Lubomir Visnovsky.
11:37 of 2nd period - Stopped by Tuukka Rask without a rebound.
11:38 of 2nd period - Stephen Weiss wins face-off versus Travis Zajac in Blues zone.
11:43 of 2nd period - Slapshot by Maxim Afinogenov.
11:43 of 2nd period - Shot Misses the Net.
11:45 of 2nd period - Wrist shot by Stephen Weiss.
11:45 of 2nd period - Shot Blocked by Paul Kariya.
12:13 of 2nd period - Snap shot by Saku Koivu.
12:13 of 2nd period - Stopped by Tuukka Rask without a rebound.
12:14 of 2nd period - Nik Antropov wins face-off versus Stephen Weiss in Blues zone.
12:27 of 2nd period - Wrist shot by Stephen Weiss.
12:27 of 2nd period - Stopped by Tuukka Rask with a rebound.
13:05 of 2nd period - Kris Vernarsky is hit by Matthew Lombardi and loses puck.
13:45 of 2nd period - Slapshot by Chris Phillips.
13:45 of 2nd period - Shot Misses the Net.
13:47 of 2nd period - Wrist shot by Chris Phillips.
13:47 of 2nd period - Shot Blocked by Nik Antropov.
13:49 of 2nd period - Wrist shot by Chris Phillips.
13:49 of 2nd period - Deflect By Éric Belanger.
13:49 of 2nd period - Stopped by Tuukka Rask with a rebound.
14:27 of 2nd period - Paul Kariya is hit by Saku Koivu.
14:48 of 2nd period - Simon Gagné is hit by Darcy Hordichuk.
16:20 of 2nd period - Slapshot by Dan Boyle.
16:20 of 2nd period - Shot Misses the Net.
16:38 of 2nd period - Snap shot by Andrew Cogliano.
16:38 of 2nd period - Stopped by Mike Smith with a rebound.
16:40 of 2nd period - Slapshot by Brian Lee.
16:40 of 2nd period - Stopped by Mike Smith with a rebound.
16:51 of 2nd period - Minor Penalty to Matthew Lombardi for Roughing.
16:52 of 2nd period - David Perron wins face-off versus Stephen Weiss in Blues zone.
17:38 of 2nd period - Jordan Leopold is hit by Darcy Hordichuk and loses puck.
18:21 of 2nd period - Chris Phillips is hit by Joe Corvo and loses puck.
18:51 of 2nd period - Penalty to Matthew Lombardi is over, Matthew Lombardi is back on ice.
19:10 of 2nd period - Darcy Hordichuk is hit by Mattias Weinhandl.
19:14 of 2nd period - Mattias Weinhandl is hit by Drew Fata and loses puck.
19:25 of 2nd period - Snap shot by Kris Vernarsky.
19:25 of 2nd period - Shot Misses the Net.
19:44 of 2nd period - Matt Pettinger is hit by Andrew Cogliano and loses puck.
19:51 of 2nd period - Dan Boyle is hit by Mike Komisarek and loses puck.
3rd period
0:01 of 3rd period - Travis Zajac wins face-off versus Stephen Weiss in neutral zone.
0:10 of 3rd period - Jarome Iginla is hit by Maxim Afinogenov and loses puck.
0:25 of 3rd period - Kristian Huselius is hit by Saku Koivu and loses puck.
0:45 of 3rd period - Minor Penalty to Kris Vernarsky for Interference.
0:46 of 3rd period - Saku Koivu wins face-off versus Nik Antropov in Nordiques zone.
0:58 of 3rd period - Minor Penalty to Jordan Leopold for Holding.
0:59 of 3rd period - Saku Koivu wins face-off versus Nik Antropov in Nordiques zone.
2:45 of 3rd period - Penalty to Kris Vernarsky is over, Kris Vernarsky is back on ice.
2:51 of 3rd period - Slapshot by Blake Wheeler.
2:51 of 3rd period - Stopped by Mike Smith with a rebound.
2:53 of 3rd period - Backhand shot by Steve Bernier.
2:53 of 3rd period - Shot Misses the Net.
2:55 of 3rd period - Snap shot by Blake Wheeler.
2:55 of 3rd period - Stopped by Mike Smith with a rebound.
2:57 of 3rd period - Wrist shot by Blake Wheeler.
2:57 of 3rd period - Shot Misses the Net.
2:58 of 3rd period - Penalty to Jordan Leopold is over, Jordan Leopold is back on ice.
3:39 of 3rd period - Matthew Lombardi is hit by Matt Pettinger and loses puck.
3:44 of 3rd period - Slapshot by Mattias Weinhandl.
3:44 of 3rd period - Shot Misses the Net.
3:46 of 3rd period - Snap shot by Matt Pettinger.
3:46 of 3rd period - Shot Misses the Net.
3:53 of 3rd period - Icing by Blake Wheeler.
3:54 of 3rd period - Saku Koivu wins face-off versus Matthew Lombardi in Blues zone.
3:59 of 3rd period - Wrist shot by Mike Cammalleri.
3:59 of 3rd period - Shot Misses the Net.
4:00 of 3rd period - Minor Penalty to Saku Koivu for Hooking.
4:01 of 3rd period - Nik Antropov wins face-off versus Stephen Weiss in Nordiques zone.
4:02 of 3rd period - Wrist shot by Paul Kariya.
4:02 of 3rd period - Stopped by Mike Smith without a rebound.
4:03 of 3rd period - Nik Antropov wins face-off versus Stephen Weiss in Nordiques zone.
4:30 of 3rd period - Snap shot by Travis Zajac.
4:30 of 3rd period - Stopped by Mike Smith without a rebound.
4:31 of 3rd period - Travis Zajac wins face-off versus Éric Belanger in Nordiques zone.
4:56 of 3rd period - Ryan Whitney is hit by Jarome Iginla and loses puck.
5:01 of 3rd period - Wrist shot by Paul Kariya.
5:01 of 3rd period - Stopped by Mike Smith with a rebound.
5:03 of 3rd period - Snap shot by Nik Antropov.
5:03 of 3rd period - Goal by Nik Antropov - Nordiques : 2 - Blues : 4.
5:04 of 3rd period - Travis Zajac wins face-off versus Stephen Weiss in neutral zone.
5:17 of 3rd period - Wrist shot by Jarome Iginla.
5:17 of 3rd period - Deflect By Paul Kariya.
5:17 of 3rd period - Stopped by Mike Smith without a rebound.
5:18 of 3rd period - Travis Zajac wins face-off versus Simon Gagné in Nordiques zone.
6:13 of 3rd period - Wrist shot by Kris Vernarsky.
6:13 of 3rd period - Shot Misses the Net.
7:33 of 3rd period - Slapshot by Paul Kariya.
7:33 of 3rd period - Stopped by Mike Smith with a rebound.
7:46 of 3rd period - Minor Penalty to Simon Gagné for Roughing.
7:47 of 3rd period - Saku Koivu wins face-off versus Nik Antropov in Nordiques zone.
8:18 of 3rd period - Snap shot by David Perron.
8:18 of 3rd period - Shot Misses the Net.
8:34 of 3rd period - Wrist shot by Travis Zajac.
8:34 of 3rd period - Stopped by Mike Smith without a rebound.
8:35 of 3rd period - Saku Koivu wins face-off versus Jarome Iginla in Nordiques zone.
9:46 of 3rd period - Penalty to Simon Gagné is over, Simon Gagné is back on ice.
9:47 of 3rd period - Icing by Jarome Iginla.
9:48 of 3rd period - Kris Vernarsky wins face-off versus Nik Antropov in Blues zone.
9:56 of 3rd period - Minor Penalty to Chris Phillips for Holding.
9:57 of 3rd period - Travis Zajac wins face-off versus Saku Koivu in Nordiques zone.
10:00 of 3rd period - Slapshot by Dan Boyle.
10:00 of 3rd period - Deflect By Maxim Afinogenov.
10:00 of 3rd period - Stopped by Mike Smith without a rebound.
10:01 of 3rd period - Travis Zajac wins face-off versus Saku Koivu in Nordiques zone.
10:14 of 3rd period - Wrist shot by Jamie Langenbrunner.
10:14 of 3rd period - Shot Misses the Net.
10:16 of 3rd period - Wrist shot by David Perron.
10:16 of 3rd period - Shot Blocked by Jordan Leopold.
10:36 of 3rd period - Wrist shot by Jarome Iginla.
10:36 of 3rd period - Deflect By Éric Belanger.
10:36 of 3rd period - Shot Blocked by Éric Belanger.
10:36 of 3rd period - Puck is out of play.
10:37 of 3rd period - Paul Kariya wins face-off versus Éric Belanger in Nordiques zone.
10:42 of 3rd period - Snap shot by Nik Antropov.
10:42 of 3rd period - Stopped by Mike Smith without a rebound.
10:43 of 3rd period - Nik Antropov wins face-off versus Saku Koivu in Nordiques zone.
11:30 of 3rd period - Snap shot by Simon Gagné.
11:30 of 3rd period - Shot Misses the Net.
11:48 of 3rd period - Wrist shot by Stephen Weiss.
11:48 of 3rd period - Stopped by Tuukka Rask without a rebound.
11:49 of 3rd period - Stephen Weiss wins face-off versus Nik Antropov in Blues zone.
11:54 of 3rd period - Snap shot by Stephen Weiss.
11:54 of 3rd period - Stopped by Tuukka Rask with a rebound.
11:56 of 3rd period - Penalty to Chris Phillips is over, Chris Phillips is back on ice.
11:56 of 3rd period - Slapshot by Mike Komisarek.
11:56 of 3rd period - Deflect By Brent Burns.
11:56 of 3rd period - Stopped by Tuukka Rask without a rebound.
11:57 of 3rd period - Stephen Weiss wins face-off versus Matthew Lombardi in Blues zone.
12:54 of 3rd period - Snap shot by Nik Antropov.
12:54 of 3rd period - Shot Blocked by Kris Vernarsky.
12:56 of 3rd period - Slapshot by Rostislav Klesla.
12:56 of 3rd period - Stopped by Mike Smith with a rebound.
12:58 of 3rd period - Slapshot by Brian Lee.
12:58 of 3rd period - Shot Blocked by Cory Sarich.
13:28 of 3rd period - Stephen Weiss is hit by Paul Kariya and loses puck.
14:08 of 3rd period - Slapshot by Ryan Whitney.
14:08 of 3rd period - Shot Blocked by Jamie Langenbrunner.
14:10 of 3rd period - Snap shot by Ryan Whitney.
14:10 of 3rd period - Stopped by Tuukka Rask without a rebound.
14:11 of 3rd period - Nik Antropov wins face-off versus Éric Belanger in Blues zone.
14:18 of 3rd period - Slapshot by Jamie Langenbrunner.
14:18 of 3rd period - Stopped by Mike Smith with a rebound.
14:40 of 3rd period - Wrist shot by Éric Belanger.
14:40 of 3rd period - Shot Hit the Post.
14:42 of 3rd period - Snap shot by Jonathan Cheechoo.
14:42 of 3rd period - Stopped by Tuukka Rask with a rebound.
14:54 of 3rd period - Slapshot by Chris Phillips.
14:54 of 3rd period - Shot Blocked by Brian Lee.
14:56 of 3rd period - Wrist shot by Jonathan Cheechoo.
14:56 of 3rd period - Stopped by Tuukka Rask without a rebound.
14:57 of 3rd period - Travis Zajac wins face-off versus Stephen Weiss in Blues zone.
15:03 of 3rd period - Double Minor Penalty to Simon Gagné for High sticking.
15:04 of 3rd period - Nik Antropov wins face-off versus Saku Koivu in Nordiques zone.
15:41 of 3rd period - Travis Zajac is hit by Stephen Weiss and loses puck.
17:20 of 3rd period - Joe Corvo is hit by Jordan Leopold and loses puck.
17:27 of 3rd period - Snap shot by Alexei Ponikarovsky.
17:27 of 3rd period - Shot Misses the Net.
19:03 of 3rd period - Penalty to Simon Gagné is over, Simon Gagné is back on ice.
19:09 of 3rd period - Snap shot by Simon Gagné.
19:09 of 3rd period - Stopped by Tuukka Rask without a rebound.
19:10 of 3rd period - Steve Bernier wins face-off versus Stephen Weiss in Blues zone.
Output by the SimonT Hockey Simulator (STHS) for François Prévost -- Original Page W3C XHTML 1.0 Valid